[ AOE2 MATCH · #505189841 ]
UnrankedArmenians vs Goths
Player's team · WIN
Rival team · LOSS
[ REPLAY ANALYSIS · EXTRACTED FROM THE RECORDED GAME ]
Feudal
8:57
Castle
—
Imperial
—
| APM avg | 72.5 |
| APM peak | 99 |
| eAPM avg | 32.4 |
| Villagers / military | 40 / 16 |
Focus
⚔️ 54.3% · 🌾 45.7%
Militia ×7 · Skirmisher ×7 · Archer ×2
Feudal
11:33
Castle
—
Imperial
—
| APM avg | 70.8 |
| APM peak | 132 |
| eAPM avg | 22.6 |
| Villagers / military | 38 / 18 |
Focus
⚔️ 29.8% · 🌾 70.2%
Archer ×8 · Skirmisher ×7 · Militia ×3
Match map
Initial resources + every placement click. Lines = walls · curves = elevation contours. ◆ gold · ⬟ stone · ● berries · ✦ relic · ◌ wall gap
Your base· Open — opponent sealed themselves in
Mawashigeri's base· ✓ Closed at 12:00 · 65t walls · no gate
Smoothed initial terrain · ◌ = detected wall gap · hover for details
Inputs per minute
— medicesesoporquesoyguapo - - Mawashigeri
Build order — medicesesoporquesoyguapo
107 actions detected in the replay
| 0:01 | Create | Villager (Male) |
| 0:01 | Create | Villager (Male) ×4 |
| 0:02 | Build | House |
| 0:04 | Build | House |
| 1:24 | Create | Villager (Male) |
| 1:54 | Build | Mule Cart |
| 1:57 | Create | Villager (Male) |
| 2:15 | Create | Villager (Male) |
| 2:16 | Create | Villager (Male) |
| 2:49 | Create | Villager (Male) |
| 3:21 | Create | Villager (Male) |
| 3:43 | Create | Villager (Male) |
| 3:51 | Build | House |
| 3:55 | Create | Villager (Male) |
| 4:24 | Create | Villager (Male) |
| 4:29 | Create | Villager (Male) |
| 4:54 | Create | Villager (Male) |
| 5:08 | Build | Barracks |
| 5:11 | Create | Villager (Male) |
| 5:16 | Research | Loom |
| 6:11 | Build | House |
| 6:47 | Research | Feudal Age |
| 7:21 | Create | Militia |
| 7:21 | Create | Militia |
| 7:33 | Create | Militia |
| 7:52 | Create | Militia |
| 8:06 | Build | House |
| 8:09 | Build | Mill |
| 8:18 | Build | House |
| 8:19 | Build | House |
| 8:36 | Build | Palisade Wall |
| 8:51 | Create | Villager (Male) |
| 8:57 | Age | Feudal Age |
| 9:04 | Research | Man-at-Arms (upgrade) |
| 9:18 | Build | Palisade Wall |
| 9:19 | Build | Palisade Wall |
| 9:30 | Create | Villager (Male) |
| 9:49 | Create | Villager (Male) |
| 10:06 | Build | Archery Range |
| 10:07 | Create | Villager (Male) |
| 10:14 | Build | Farm |
| 10:17 | Build | Palisade Wall |
| 10:20 | Build | House |
| 10:32 | Create | Villager (Male) |
| 10:32 | Create | Villager (Male) |
| 10:35 | Build | Farm |
| 10:40 | Build | Farm |
| 10:55 | Build | Palisade Wall |
| 11:15 | Create | Archer |
| 11:15 | Create | Archer |
| 11:17 | Create | Villager (Male) |
| 11:30 | Build | Farm |
| 11:52 | Create | Villager (Male) |
| 12:06 | Create | Villager (Male) |
| 12:09 | Build | Farm |
| 12:14 | Build | House |
| 12:38 | Create | Skirmisher |
| 12:40 | Create | Skirmisher |
| 12:43 | Create | Villager (Male) |
| 12:48 | Research | Double-Bit Axe |
| 12:57 | Build | Palisade Wall |
| 13:13 | Create | Villager (Male) |
| 13:14 | Build | Farm |
| 13:15 | Create | Skirmisher |
| 13:38 | Create | Villager (Male) |
| 13:45 | Build | Blacksmith |
| 13:53 | Research | Long Swordsman (upgrade) |
| 13:57 | Create | Skirmisher |
| 14:08 | Build | Farm |
| 14:14 | Create | Villager (Male) |
| 14:15 | Create | Villager (Male) |
| 14:17 | Build | Farm |
| 14:38 | Research | Fletching |
| 14:38 | Research | Fletching |
| 14:44 | Build | Farm |
| 14:52 | Build | Farm |
| 14:57 | Build | Farm |
| 15:13 | Create | Villager (Male) |
| 15:13 | Create | Villager (Male) |
| 15:14 | Create | Villager (Male) |
| 15:26 | Research | Scale Mail Armor |
| 15:35 | Create | Villager (Male) |
| 15:46 | Create | Villager (Male) |
| 15:48 | Build | House |
| 16:00 | Create | Skirmisher |
| 16:06 | Create | Villager (Male) |
| 16:13 | Build | Farm |
| 16:14 | Build | Farm |
| 16:15 | Build | Farm |
| 16:20 | Create | Militia |
| 16:20 | Create | Militia |
| 16:22 | Build | Farm |
| 16:44 | Create | Skirmisher |
| 16:46 | Create | Villager (Male) |
| 16:47 | Build | Mule Cart |
| 17:05 | Create | Skirmisher |
| 17:06 | Create | Villager (Male) |
| 17:06 | Create | Militia |
| 17:16 | Build | Farm |
| 17:18 | Build | Farm |
| 17:21 | Build | House |
| 17:28 | Research | Wheelbarrow |
| 18:16 | Build | Farm |
| 18:19 | Build | House |
| 18:32 | Build | House |
| 18:32 | Build | House |
| 18:34 | Create | Villager (Male) |
Build order — Mawashigeri
120 actions detected in the replay
| 0:01 | Create | Villager (Male) |
| 0:01 | Create | Villager (Male) |
| 0:02 | Create | Villager (Male) |
| 0:04 | Build | House |
| 0:05 | Build | House |
| 0:05 | Create | Villager (Male) |
| 1:25 | Create | Villager (Male) |
| 1:52 | Build | Lumber Camp |
| 1:57 | Research | Loom |
| 2:01 | Create | Villager (Male) |
| 2:16 | Create | Villager (Male) |
| 2:56 | Create | Villager (Male) |
| 3:19 | Create | Villager (Male) |
| 3:46 | Create | Villager (Male) |
| 3:51 | Build | House |
| 4:11 | Create | Villager (Male) |
| 4:33 | Create | Villager (Male) |
| 4:39 | Build | Barracks |
| 4:53 | Create | Villager (Male) |
| 5:11 | Build | House |
| 5:21 | Create | Villager (Male) |
| 5:31 | Create | Militia |
| 5:44 | Create | Militia |
| 5:51 | Create | Villager (Male) |
| 5:57 | Build | House |
| 6:07 | Create | Militia |
| 6:18 | Build | Palisade Wall |
| 6:23 | Create | Villager (Male) |
| 6:31 | Build | Palisade Wall |
| 6:48 | Create | Villager (Male) |
| 6:57 | Build | Mill |
| 7:01 | Create | Villager (Male) |
| 7:11 | Create | Villager (Male) |
| 7:16 | Build | Palisade Wall |
| 7:35 | Build | Palisade Wall |
| 7:40 | Build | Palisade Wall |
| 7:40 | Create | Villager (Male) |
| 8:31 | Create | Villager (Male) |
| 8:36 | Build | Palisade Wall |
| 8:36 | Build | Palisade Wall |
| 8:51 | Build | Mining Camp |
| 8:54 | Build | Palisade Wall |
| 8:57 | Create | Villager (Male) |
| 9:06 | Build | Palisade Wall |
| 9:07 | Build | Palisade Wall |
| 9:23 | Research | Feudal Age |
| 10:04 | Build | Palisade Wall |
| 10:17 | Build | Palisade Wall |
| 10:23 | Build | House |
| 10:26 | Build | House |
| 10:55 | Build | Palisade Wall |
| 11:02 | Build | House |
| 11:18 | Build | Palisade Wall |
| 11:33 | Age | Feudal Age |
| 11:34 | Build | Archery Range |
| 11:37 | Build | Archery Range |
| 11:39 | Create | Villager (Male) |
| 11:48 | Build | House |
| 11:59 | Create | Villager (Male) |
| 12:01 | Build | Palisade Wall |
| 12:12 | Create | Skirmisher |
| 12:19 | Build | House |
| 12:24 | Build | House |
| 12:28 | Create | Villager (Male) |
| 12:40 | Create | Villager (Male) |
| 12:41 | Create | Skirmisher |
| 12:42 | Create | Villager (Male) |
| 12:43 | Create | Villager (Male) |
| 13:09 | Build | House |
| 13:11 | Create | Villager (Male) |
| 13:17 | Build | Blacksmith |
| 13:22 | Create | Archer |
| 13:30 | Build | House |
| 13:46 | Research | Horse Collar |
| 13:51 | Build | Palisade Wall |
| 13:55 | Create | Archer |
| 13:59 | Build | Farm |
| 14:11 | Build | Farm |
| 14:16 | Build | Farm |
| 14:22 | Create | Villager (Male) |
| 14:23 | Create | Villager (Male) |
| 14:30 | Create | Archer |
| 14:34 | Build | Farm |
| 14:40 | Create | Skirmisher |
| 14:49 | Build | Farm |
| 14:52 | Research | Fletching |
| 14:53 | Research | Fletching |
| 14:56 | Create | Villager (Male) |
| 15:06 | Create | Skirmisher |
| 15:19 | Build | Farm |
| 15:24 | Build | House |
| 15:35 | Build | Palisade Wall |
| 15:40 | Research | Padded Archer Armor |
| 15:40 | Research | Padded Archer Armor |
| 15:43 | Build | House |
| 15:59 | Create | Villager (Male) |
| 16:01 | Build | Farm |
| 16:09 | Create | Archer |
| 16:11 | Build | Farm |
| 16:27 | Build | Archery Range |
| 16:44 | Create | Villager (Male) |
| 16:49 | Build | Farm |
| 16:58 | Build | Farm |
| 17:08 | Create | Villager (Male) |
| 17:13 | Build | Farm |
| 17:22 | Create | Skirmisher |
| 17:23 | Create | Archer |
| 17:29 | Build | Farm |
| 17:34 | Build | Farm |
| 17:35 | Create | Archer |
| 17:43 | Build | Farm |
| 17:43 | Create | Villager (Male) |
| 18:10 | Create | Archer |
| 18:11 | Create | Villager (Male) |
| 18:15 | Create | Skirmisher |
| 18:15 | Create | Archer |
| 18:19 | Build | Farm |
| 18:23 | Build | Farm |
| 18:31 | Create | Skirmisher |
| 18:32 | Create | Villager (Male) |
Match timeline
| 4:39 | Mawashigeri · first_building Barracks |
| 5:08 | medicesesoporquesoyguapo · first_building Barracks |
| 6:18 | Mawashigeri · wall_segment Palisade Wall x6 |
| 6:31 | Mawashigeri · wall_segment Palisade Wall x5 |
| 7:16 | Mawashigeri · wall_segment Palisade Wall x4 |
| 7:35 | Mawashigeri · wall_segment Palisade Wall x10 |
| 7:40 | Mawashigeri · wall_segment Palisade Wall x6 |
| 8:36 | Mawashigeri · wall_segment Palisade Wall x4 |
| 8:36 | Mawashigeri · wall_segment Palisade Wall x1 |
| 8:36 | medicesesoporquesoyguapo · wall_segment Palisade Wall x1 |
| 8:54 | Mawashigeri · wall_segment Palisade Wall x8 |
| 8:57 | medicesesoporquesoyguapo · age_up feudal |
| 9:06 | Mawashigeri · wall_segment Palisade Wall x7 |
| 9:07 | Mawashigeri · wall_segment Palisade Wall x1 |
| 9:18 | medicesesoporquesoyguapo · wall_segment Palisade Wall x1 |
| 9:19 | medicesesoporquesoyguapo · wall_segment Palisade Wall x3 |
| 10:04 | Mawashigeri · wall_segment Palisade Wall x3 |
| 10:06 | medicesesoporquesoyguapo · first_building Archery Range |
| 10:17 | Mawashigeri · wall_segment Palisade Wall x10 |
| 10:17 | medicesesoporquesoyguapo · wall_segment Palisade Wall x1 |
| 10:55 | Mawashigeri · wall_segment Palisade Wall x1 |
| 10:55 | medicesesoporquesoyguapo · wall_segment Palisade Wall x1 |
| 11:18 | Mawashigeri · wall_segment Palisade Wall x1 |
| 11:33 | Mawashigeri · age_up feudal |
| 11:34 | Mawashigeri · first_building Archery Range |
| 12:01 | Mawashigeri · wall_segment Palisade Wall x1 |
| 12:57 | medicesesoporquesoyguapo · wall_segment Palisade Wall x2 |
| 13:51 | Mawashigeri · wall_segment Palisade Wall x9 |
| 15:35 | Mawashigeri · wall_segment Palisade Wall x1 |
| 18:40 | Mawashigeri · resign |
[ AI ANALYSIS · 1 CREDIT ]
What really happened in this match?
Wolo.gg analyzes every decision: build order, eco, micro, common mistakes by bracket. Personalized analysis on WhatsApp or Discord in 30 seconds.
Civ guide
Armenians
Perfil
Jugador #310739